 Dungeon Crawl Stone Soup version 0.20-a0-970-gcd8f41e (webtiles) character file.

457 Murumi the Covert (level 7, -1/60 HPs)
             Began as a Naga Assassin on Apr 8, 2017.
             Was an Initiate of Ashenzari.
             Slain by a gnoll
             ... wielding a +0 whip
              (6 damage)
             ... on level 3 of the Dungeon.
             The game lasted 00:13:48 (4319 turns).

Murumi the Covert (Naga Assassin)                   Turns: 4319, Time: 00:13:49

Health: -1/60      AC:  5    Str: 18    XL:     7   Next: 6%
Magic:  7/7        EV:  9    Int: 12    God:    Ashenzari [......]
Gold:   135        SH:  3    Dex: 14    Spells: 6/6 levels left

rFire    . . .     SeeInvis +   a - +2 dagger
rCold    . . .     Gourm    .   (no shield)
rNeg     . . .     Faith    .   c - +0 robe
rPois    +         Spirit   .   (no helmet)
rElec    .         Reflect  +   d - +0 cloak
rCorr    .         Harm     .   i - +0 pair of gloves
MR       .....                  (no barding)
Stlth    +++++.....             s - +3 amulet of reflection
Regen    0.2/turn               (no ring)
MPRegen  0.1/turn               (no ring)

@: mighty, very slow
A: see invisible, deformed body, poison resistance, slowness 2, slow metabolism
1, spit poison 1, AC +2
a: Spit Poison, Curse Item, Renounce Religion


You were on level 3 of the Dungeon.
You worshipped Ashenzari.
Ashenzari was noncommittal.
You were not hungry.

You visited 1 branch of the dungeon, and saw 3 of its levels.

You collected 135 gold pieces.

Inventory:

Hand Weapons
 a - a +2 dagger (weapon)
 b - a +0 blowgun
Missiles
 e - 25 poisoned needles
 f - a curare-tipped needle
 h - 105 stones (quivered)
Armour
 c - a +0 robe (worn)
 d - a +0 cloak (worn)
 i - a +0 pair of gloves (worn)
Jewellery
 s - a +3 amulet of reflection (around neck)
Wands
 r - a wand of polymorph (15/24)
Potions
 l - 3 potions of curing
 n - a potion of mutation {unknown}
 p - 3 potions of ambrosia
 q - a potion of heal wounds {unknown}
Comestibles
 g - 2 bread rations
 j - 6 fruits
 k - 2 royal jellies
 o - a meat ration


   Skills:
 - Level 2.0 Fighting
 - Level 2.0 Short Blades
 - Level 2.2 Throwing
 - Level 1.0 Dodging
 + Level 11.9 Stealth


You had 6 spell levels left.
You didn't know any spells.

Dungeon Overview and Level Annotations

Branches:
Dungeon (3/15)

Altars:
Ashenzari
Okawaru


Innate Abilities, Weirdness & Mutations

You cannot wear boots.
Your serpentine skin is tough. (AC +2)
You have supernaturally acute eyesight. (SInv)
Armour fits poorly on your strangely shaped body.
Your system is resistant to poisons. (rPois)
You cover ground very slowly.
You have a slow metabolism.
You can spit poison.


Message History

* * * LOW HITPOINT WARNING * * *
Press: ? - help, Shift-Dir - straight line, f - gnoll
Aim: a gnoll (moderately wounded)
The splash of poison hits the gnoll.
The gnoll is severely wounded.
You feel slightly more hungry. The gnoll barely misses you.
You barely miss the gnoll.
The gnoll is severely wounded.
The gnoll hits you.
* * * LOW HITPOINT WARNING * * *
You puncture the gnoll!
You kill the gnoll!
You have got your breath back.
The gnoll hits you with a whip!
* * * LOW HITPOINT WARNING * * *
The gnoll hits you but does no damage.
Items here: )) ††† an uncursed halberd; an uncursed whip; a gnoll corpse x2; a rat corpse You closely miss the gnoll.
The gnoll hits you with a whip.
You die...

#..## #. #.## #. ###.#
#. ##)..## .%
#.###.#######.# #. #.#
#.......... #.
#.###.##.####.#
..####.####...###.# #.#
#.....g@......###.####.#
######.#####..#.....##.#
#.#####..#.#.#.##.#
#.................#
##########.#.#.#..#
#.....#..# ###.###..#
#......) #####..#


You could see a gnoll.

Vanquished Creatures
  Sigmund (D:3)
  Natasha (thrice) (D:2)
  4 gnolls
  9 adders
  2 worms
  3 dart slugs
  A leopard gecko (D:1)
  7 giant cockroaches
  12 goblins
  7 hobgoblins
  9 jackals
  2 quokkas (D:2)
  A ball python (D:1)
  8 bats
  4 frilled lizards
  8 kobolds
  11 rats
92 creatures vanquished.

Notes
Turn   | Place    | Note
-------+----------+-------------------------------------------
     0 | D:1      | Murumi the Naga Assassin began the quest for the Orb.
     0 | D:1      | Reached XP level 1. HP: 19/19 MP: 1/1
    64 | D:1      | Reached skill level 6 in Stealth
   114 | D:1      | Reached skill level 1 in Dodging
   221 | D:1      | Reached XP level 2. HP: 19/26 MP: 2/2
   715 | D:1      | Reached XP level 3. HP: 24/32 MP: 3/3
   982 | D:1      | Reached skill level 7 in Stealth
  1739 | D:2      | Reached XP level 4. HP: 20/39 MP: 4/4
  1976 | D:2      | Reached skill level 8 in Stealth
  2006 | D:2      | Found a shattered altar of Ashenzari.
  2363 | D:2      | Became a worshipper of Ashenzari the Shackled
  2630 | D:2      | Noticed Natasha
  2643 | D:2      | Killed Natasha
  2643 | D:2      | Reached skill level 9 in Stealth
  2643 | D:2      | Reached XP level 5. HP: 29/45 MP: 5/5
  3025 | D:2      | Noticed Natasha
  3038 | D:2      | Killed Natasha
  3393 | D:2      | Found a shattered altar of Ashenzari.
  3773 | D:2      | Noticed Natasha
  3777 | D:2      | Killed Natasha
  3777 | D:2      | Reached skill level 10 in Stealth
  4081 | D:3      | Reached XP level 6. HP: 52/52 MP: 6/6
  4146 | D:3      | Found an iron altar of Okawaru.
  4194 | D:3      | Noticed Sigmund
  4221 | D:3      | Killed Sigmund
  4221 | D:3      | Reached skill level 11 in Stealth
  4306 | D:3      | Reached XP level 7. HP: 31/60 MP: 7/7
  4319 | D:3      | Slain by a gnoll

Vault maps used:
D:1:      dpeg_arrival_stone_temple_mockup
D:2:      nicolae_ashenzari_panopticon, uniq_natasha
D:3:      okawaru_metal_pillars_1_2, first_bread, elyvilon_altar_1,
          uniq_sigmund, uniq_terence

Skill      XL: |  1  2  3  4  5  6 |
---------------+-------------------+-----
Stealth        | 6 7 9 10 11 | 11.9
Dodging        | 1 |  1.0
Throwing       | 2 |  2.2
Fighting       | |  2.0
Short Blades   | |  2.0

Action                   |  1- 3 |  4- 6 |  7- 9 || total
-------------------------+-------+-------+-------++-------
Melee: Dagger            |   116 |   206 |     9 ||   331
       Unarmed           |       |     6 |       ||     6
 Fire: Blowgun           |       |     1 |       ||     1
Throw: Stone             |     2 |     5 |       ||     7
 Abil: Spit Poison       |    11 |    12 |     1 ||    24
  Use: Scroll            |     3 |     4 |       ||     7
       Potion            |       |     1 |       ||     1
 Stab: Sleeping          |     9 |     5 |       ||    14
       Distracted        |       |     3 |       ||     3
  Eat: Chunk             |     1 |     9 |       ||    10
Armor: Robe              |    34 |    76 |     3 ||   113
Dodge: Dodged            |    54 |    99 |     3 ||   156
Block: Other             |       |     1 |       ||     1
